 Dungeon Crawl Stone Soup version 0.18.1-47-g9310371 (webtiles) character file.

49 Apert the Skirmisher (level 3, -2/33 HPs)
             Began as a Hill Orc Fighter on June 15, 2016.
             Was an Initiate of Gozag.
             Slain by Sigmund
             ... wielding a +0 scythe
              (5 damage)
             ... on level 2 of the Dungeon.
             The game lasted 00:12:35 (1290 turns).

Apert the Skirmisher (Hill Orc Fighter)             Turns: 1290, Time: 00:12:36

Health: -2/33      AC:  7    Str: 19    XL:     3   Next: 77%
Magic:  3/3        EV:  7    Int:  8    God:    Gozag
Gold:   105        SH:  9    Dex: 10    Spells: 0 memorised, 2 levels left

rFire  x . .     SeeInvis .     a - +0 war axe
rCold  + . .     Gourm    .     b - +0 scale mail
rNeg   . . .     Faith    .     c - +0 shield
rPois  .         Spirit   .     (no helmet)
rElec  .         Dismiss  .     (no cloak)
rCorr  .         Reflect  .     (no gloves)
SustAt .         Harm     .     (no boots)
MR     .....                    (no amulet)
Stlth  ..........               (no ring)
                                h - ring of ice

@: not resistant to hostile enchantments, extremely unstealthy
A: no striking features
a: Potion Petition, Call Merchant, Bribe Branch, Renounce Religion


You were on level 2 of the Dungeon.
You worshipped Gozag.
Gozag was noncommittal.
You were not hungry.

You visited 1 branch of the dungeon, and saw 2 of its levels.

You collected 119 gold pieces.
You paid 14 gold pieces to Gozag.

Inventory:

Hand Weapons
 a - a +0 war axe (weapon)
Missiles
 i - 17 stones (quivered)
 m - 4 tomahawks
Armour
 b - a +0 scale mail (worn)
 c - a +0 shield (worn)
 u - a troll hide
Jewellery
 h - a ring of ice (left hand)
Scrolls
 e - a scroll of blinking {unknown}
 g - 2 scrolls of recharging {unknown}
 j - 2 scrolls of teleportation {unknown}
 k - a scroll of amnesia {unknown}
 n - a scroll of enchant armour {unknown}
 r - 2 scrolls of identify {unknown}
 t - a scroll of fog {unknown}
Potions
 d - 2 potions of might
 l - a potion of brilliance {unknown}
 q - a potion of cure mutation {unknown}
 s - a potion of ambrosia {unknown}
Comestibles
 f - a bread ration


   Skills:
 + Level 4.2 Fighting
 + Level 3.1 Axes
 + Level 0.3 Throwing
 + Level 3.7 Armour
 + Level 0.7 Dodging
 + Level 0.1 Stealth
 + Level 3.6 Shields


You had 2 spell levels left.
You didn't know any spells.

Dungeon Overview and Level Annotations

Branches:
Dungeon (2/15)

Altars:
Gozag
Pakellas

Annotations:
D:2 Sigmund


Message History

Something hits you! The worm barely misses you.
You hit the worm but do no damage.
The worm is severely wounded.
Something hits you. The worm bites you.
* * * LOW HITPOINT WARNING * * *
Your shield and scale mail prevent you from hitting the worm.
The worm is severely wounded.
Something hits you.
* * * LOW HITPOINT WARNING * * *
You hit the worm.
The worm is almost dead.
Something hits you but does no damage. The worm barely misses you.
You hit the worm.
The worm is almost dead.
Something hits you but does no damage. You block the worm's attack.
You barely miss the worm.
The worm is almost dead.
Something hits you.
You die...
Your body crumbles into a pile of gold.

...... ....$
##.... ### #....
... #... ######
#.. ......
#w####### ......
#@.....(####......
#>................
#..?.......#......
#..........#######
########...# #...#
#...# #...# #...#


You could see a worm.

Vanquished Creatures
  A worm (D:2)
  3 dart slugs
  2 giant geckos
  4 goblins
  6 hobgoblins
  4 jackals
  A kobold (D:1)
  A quokka (D:2)
  5 bats
  2 giant newts (D:1)
  9 rats
38 creatures vanquished.

Notes
Turn   | Place    | Note
--------------------------------------------------------------
     0 | D:1      | Apert the Hill Orc Fighter began the quest for the Orb.
     0 | D:1      | Reached XP level 1. HP: 19/19 MP: 1/1
    40 | D:1      | Reached XP level 2. HP: 23/27 MP: 2/2
    51 | D:1      | Reached skill level 4 in Fighting
   442 | D:1      | Reached XP level 3. HP: 33/33 MP: 3/3
   883 | D:2      | Found an opulent altar of Gozag.
   932 | D:2      | Became a worshipper of Gozag Ym Sagoz the Greedy
  1229 | D:2      | Found an oddly glowing altar of Pakellas.
  1279 | D:2      | Noticed Sigmund
  1290 | D:2      | Slain by Sigmund

Skill      XL: |  1  2 |
---------------+-------+-----
Fighting       | 4 |  4.2
Axes           | 3 |  3.1
Throwing       | |  0.3
Armour         | |  3.7
Dodging        | |  0.7
Stealth        | |  0.1
Shields        | |  3.6

Action                   || total
-------------------------++-------
Melee: War axe           ||   125
Throw: Stone             ||    20
Invok: Potion Petition   ||     1
  Eat: Beef jerky        ||     1
       Chunk             ||     1
Armor: Scale mail        ||    50
Dodge: Dodged            ||    45
Block: Shield            ||    64
